 Dungeon Sprint DCSS version 0.29-a0-789-g7a8fcbc185 (webtiles) character file.

Game seed: 10349444410261781867

433 mhtbhm the Blocker (level 7, -3/64 HPs)
             Began as a Formicid Fighter on July 2, 2022.
             Was an Initiate of Gozag.
             Slain by Sonja
             ... wielding a +2 short sword of distortion
              (5 damage)
             ... in the Dungeon (Sprint I: "Red Sonja").
             The game lasted 00:01:29 (311 turns).

mhtbhm the Blocker (Formicid Fighter)                Turns: 311, Time: 00:01:30

Health: -3/64      AC:  8    Str: 22    XL:     7   Next: 20%
Magic:  7/7        EV:  9    Int:  8    God:    Gozag
Gold:   218        SH:  6    Dex: 13    Spells: 6/6 levels left

rFire   . . .      SeeInvis +   a - +0 war axe
rCold   . . .      Faith    .   c - +0 buckler
rNeg    . . .      Spirit   .   b - +0 scale mail
rPois   .          Reflect  .   (helmet unavailable)
rElec   .          Harm     .   (no cloak)
rCorr   .          Rampage  .   (no gloves)
Will    .....                   (no boots)
Stlth   ..........              (no amulet)
HPRegen 0.20/turn               (no ring)
MPRegen 0.10/turn               (no ring)

@: no status effects
A: permanent stasis, dig shafts and tunnels, antennae 3, four strong arms
a: Dig, Renounce Religion, Potion Petition, Call Merchant, Bribe Branch


You were in the Dungeon.
You worshipped Gozag.
Gozag was aware of your devotion.
You visited 1 branch You collected 297 gold pieces.
You spent 79 gold pieces at shops.

Inventory:

Hand Weapons
 a - a +0 war axe (weapon)
Missiles
 i - 3 silver javelins
Armour
 b - a +0 scale mail (worn)
 c - a +0 buckler (worn)
Wands
 d - a wand of charming (8)
 e - a wand of flame (7)
Scrolls
 j - a scroll of identify {unknown}
Potions
 g - 2 potions of magic
 h - a potion of degeneration {unknown}


   Skills:
 + Level 9.2 Fighting
 + Level 6.0 Axes
 + Level 9.1 Armour
 + Level 10.5 Shields


You had 6 spell levels left.
You didn't know any spells.
Your spell library was empty.

Dungeon Overview and Level Annotations

Branches:
Dungeon (1/1)

Altars:
Cheibriados
Dithmenos
Elyvilon
Fedhas
Gozag
Hepliaklqana
Kikubaaqudgha
Nemelex Xobeh
Okawaru
Qazlal
Ru
Sif Muna
Trog
Uskayaw
Vehumet
Wu Jian
Yredelemnul
Zin
The Shining One

Shops:
D (

Annotations:
D Sonja


Innate Abilities, Weirdness & Mutations

You cannot be hasted, slowed, berserked, paralysed or teleported.
You can dig through walls and to a lower floor.
You have a pair of large antennae on your head. (SInv)
Your four strong arms can wield two-handed weapons with a shield.


Message History

Sonja hits you with a +2 short sword of distortion.
Space warps around you!
Sonja hits you with a +2 short sword of distortion.
Sonja hits you but does no damage.
Unknown command.
You feel much better. You block Sonja's attack.
Sonja hits you but does no damage. Space warps around you.
You block Sonja's attack. Sonja closely misses you. Sonja barely misses you.
Sonja hits you but does no damage. Space warps around you.
You hit Sonja.
Sonja is lightly wounded.
Sonja hits you with a +2 short sword of distortion!
You block Sonja's attack. Sonja misses you.
You slash Sonja!
Sonja is heavily wounded.
Sonja completely misses you.
Sonja hits you with a +2 short sword of distortion.
Space warps around you.
Sonja hits you with a +2 short sword of distortion.
Sonja hits you with a +2 short sword of distortion!
* * * LOW HITPOINT WARNING * * *
Sonja barely misses you. Sonja hits you but does no damage.
Space warps around you.
* * * LOW HITPOINT WARNING * * *
Unknown command.
Unknown command.
Okay, then.
Okay, then.
Okay, then.
Okay, then.
You closely miss Sonja.
Sonja is heavily wounded.
You block Sonja's attack. Sonja hits you but does no damage.
Sonja hits you with a +2 short sword of distortion.
* * * LOW HITPOINT WARNING * * *
Sonja hits you with a +2 short sword of distortion.
* * * LOW HITPOINT WARNING * * *
Space warps around you.
You die...
Your body crumbles into a pile of gold.

################
#<.#..)..#..'..#
$$ $
#..)..#..').#..+
{ $$
#..#####'#####'#
#..####..#...#[#
#..#__####..##.#
{ $$
#..#_____##'#_.+
#⌠⌠#_.∩...÷..._#
{ $$
####_..__##_@#'#
$$#_____###K#[#
$ $ #######
#.### $ $.$


$${$$ #$.$# $ { ##.## { { $#+#$ {{ $ { ${${$ $ $ $ You could see Sonja.

Vanquished Creatures
  Sigmund (D)
  A yak (D)
  An ogre (D)
  A jelly (D)
  Ijyb (D)
5 creatures vanquished.

Notes
Turn   | Place    | Note
-------+----------+-------------------------------------------
     0 | D        | mhtbhm the Formicid Fighter began the quest for the Orb.
     0 | D        | Reached XP level 1. HP: 18/18 MP: 1/1
     1 | D        | Noticed Ijyb
     5 | D        | Killed Ijyb
     6 | D        | Reached skill level 5 in Shields
     6 | D        | Reached XP level 2. HP: 26/26 MP: 2/2
     6 | D        | Reached XP level 3. HP: 32/32 MP: 3/3
    10 | D        | Noticed an ogre
    16 | D        | Killed an ogre
    17 | D        | Reached skill level 7 in Shields
    17 | D        | Reached XP level 4. HP: 41/41 MP: 4/4
    17 | D        | Reached XP level 5. HP: 47/47 MP: 5/5
    20 | D        | Noticed Sigmund
    27 | D        | Killed Sigmund
    28 | D        | Reached skill level 9 in Shields
    28 | D        | Reached XP level 6. HP: 24/56 MP: 6/6
    46 | D        | Found a shimmering blue altar of Sif Muna.
    47 | D        | Found an ornate altar of the Wu Jian Council.
    48 | D        | Found a radiant altar of Vehumet.
    52 | D        | Reached skill level 5 in Axes
    55 | D        | Found Raduwagg's Weapon Emporium.
    55 | D        | Found an ancient bone altar of Kikubaaqudgha.
    55 | D        | Found a hazy altar of Hepliaklqana.
    55 | D        | Found a stormy altar of Qazlal.
    55 | D        | Found a hide-covered altar of Uskayaw.
    55 | D        | Found a blossoming altar of Fedhas.
    55 | D        | Found a bloodstained altar of Trog.
    55 | D        | Found an iron altar of Okawaru.
    55 | D        | Found a basalt altar of Yredelemnul.
    55 | D        | Found a glowing golden altar of the Shining One.
    55 | D        | Found a snail-covered altar of Cheibriados.
    55 | D        | Found a sacrificial altar of Ru.
    55 | D        | Found a glowing silver altar of Zin.
    55 | D        | Found a shadowy altar of Dithmenos.
    55 | D        | Found a white marble altar of Elyvilon.
    55 | D        | Noticed a yak
    61 | D        | Killed a yak
    62 | D        | Reached skill level 10 in Shields
    62 | D        | Reached XP level 7. HP: 16/64 MP: 7/7
    62 | D        | Found an opulent altar of Gozag.
    63 | D        | Found a sparkling altar of Nemelex Xobeh.
    70 | D        | Became a worshipper of Gozag Ym Sagoz the Greedy
   204 | D        | Bought 3 silver javelins for 79 gold pieces
   302 | D        | Noticed Sonja
   311 | D        | HP: 2/64 [Sonja/+2 short sword of distortion (4)]
   311 | D        | Slain by Sonja

Illustrated notes

Levels and vault maps discovered:
D:        dungeon_sprint_1 [red_sonja_temple_1, red_sonja_temple_small_1]

Skill      XL: |  1  2  3  4  5  6 |
---------------+-------------------+-----
Fighting       | 4 6 8 9 |  9.2
Armour         | 4 6 8 9 |  9.1
Shields        | 5 7 9 10 | 10.5
Axes           | 3 4 6 |  6.0

Action                   |  1- 3 |  4- 6 |  7- 9 || total
-------------------------+-------+-------+-------++-------
Melee: War axe           |     6 |    12 |     5 ||    23
Evoke: Wand              |     1 |       |     1 ||     2
  Use: Potion            |     1 |     1 |     1 ||     3
Armor: Scale mail        |     2 |     1 |     6 ||     9
Dodge: Dodged            |     2 |     2 |     5 ||     9
Block: Buckler           |       |     4 |     5 ||     9

Table legend: (Time is in decaauts)
 A = Elapsed time spent in this place.
 B = Non-inter-level travel time spent in this place.
 C = Inter-level travel time spent in this place.
 D = Time resting spent in this place.
 E = Time spent auto-exploring this place.
 F = Levels seen in this place.
 G = Mean time per level.
                   A        B        C        D        E       F      G
               +--------+--------+--------+--------+--------+-----+--------+
         Total |    318 |    318 |      0 |    174 |      0 |   1 |  318.0 |
       Dungeon |    318 |    318 |      0 |    174 |      0 |   1 |  318.0 |
               +--------+--------+--------+--------+--------+-----+--------+

Top non-repeatable levels by time:
       D: 318 daAuts
